General information
- name: BNet
- type: Ladder team game (AT/RT)
- host: Battle.net
- saver: CakeBelyswell23
map: Deadlock
- players: 8
- length: 24:23
- speed: Fast
- version: 1.28 W3XP
- replay type: Public
» download(193 KB)
Players
team 1 (loser)

»
MovieStar (
pink | 104 APM | 2540 actions | 24:21)
6 Demon Hunter
3 Mana Burn
3 Evasion
3 Blademaster
2 Wind Walk
1 Critical Strike
» actions
| Assign group hotkey | 60 | |
| Basic commands | 168 | |
| Build / train | 232 | |
| ESC pressed | 18 | |
| Enter build submenu | 66 | |
| Enter hero's abilities submenu | 12 | |
| Right click | 788 | |
| Select / deselect | 603 | |
| Select group hotkey | 466 | |
| Use ability | 127 | |
2540 total
» units
| Wisp | 28 | |
| Peon | 9 | |
| Archer | 80 | |
| Grunt | 15 | |
| Druid of the Talon | 5 | |
| Huntress | 23 | |
| Wind Rider | 12 | |
| Chimaera | 6 | |
| Dryad | 8 | |
| Raider | 2 | |
188 total
» upgrades
| Spiked Barricades | 1 | |
| Armor | 1 | |
| Strength of the Moon | 1 | |
| Corrosive Breath | 1 | |
| Strength of the Wild | 1 | |
| Abolish Magic | 1 | |
| Envenomed Spears | 1 | |
| Reinforced Defenses | 1 | |
8 total
» buildings
| Altar of Storms | 1 | |
| Altar of Elders | 3 | |
| Moon Well | 14 | |
| Ancient of War | 4 | |
| Orc Burrow | 10 | |
| Barracks | 1 | |
| Hunter's Hall | 2 | |
| War Mill | 1 | |
| Tree of Ages | 4 | |
| Watch Tower | 4 | |
| Stronghold | 2 | |
| Tree of Eternity | 3 | |
| Ancient of Wind | 5 | |
| Beastiary | 2 | |
| Ancient Protector | 3 | |
| Chimaera Roost | 3 | |
| Ancient of Lore | 1 | |
| Voodoo Lounge | 1 | |
| Tree of Life | 1 | |
| Fortress | 3 | |
68 total
» build order
00:18 Altar of Storms
00:20 Altar of Elders
00:23 Altar of Elders
00:27 Moon Well
00:34 Altar of Elders
00:35 Moon Well
00:42 Moon Well
00:52 Ancient of War
00:55 Ancient of War
01:01 Ancient of War
01:09 Orc Burrow
01:22 Barracks
02:10 Moon Well
02:12 Moon Well
02:23 Moon Well
02:33 Orc Burrow
03:17 Moon Well
03:26 Orc Burrow
04:00 Moon Well
04:03 Moon Well
04:58 Moon Well
05:00 Moon Well
06:36 Hunter's Hall
06:48 War Mill
07:06 Tree of Ages
07:31 Orc Burrow
07:56 Tree of Ages
07:56 Tree of Ages
08:01 Ancient of War
08:03 Watch Tower
08:05 Watch Tower
09:12 Orc Burrow
09:14 Stronghold
09:14 Stronghold
09:43 Orc Burrow
10:23 Moon Well
10:24 Tree of Eternity
10:26 Ancient of Wind
10:28 Ancient of Wind
11:38 Beastiary
11:39 Beastiary
11:40 Watch Tower
11:47 Ancient Protector
11:49 Ancient Protector
11:50 Ancient Protector
12:05 Hunter's Hall
12:07 Ancient of Wind
12:15 Orc Burrow
12:48 Chimaera Roost
12:50 Chimaera Roost
12:51 Chimaera Roost
12:58 Orc Burrow
14:55 Tree of Eternity
14:55 Tree of Eternity
15:02 Ancient of Lore
15:35 Orc Burrow
15:51 Voodoo Lounge
16:30 Tree of Ages
16:49 Moon Well
17:46 Moon Well
18:03 Orc Burrow
18:28 Ancient of Wind
18:30 Ancient of Wind
18:56 Tree of Life
20:22 Fortress
20:22 Fortress
20:23 Fortress
22:54 Watch Tower
» items
| Healing Salve | 1 | |
| Potion of Healing | 1 | |
| Lesser Clarity Potion | 1 | |
3 total

»
Lado7 (
red | 103 APM | 12 actions | 00:07)
» actions
| Build / train | 3 | |
| Right click | 3 | |
| Select / deselect | 5 | |
| Use ability | 1 | |
12 total
» units
GirlGamer (
orange | 86 APM | 8 actions | 00:05)
BAM (
teal | 0 APM | 0 actions | 00:04)
team 2 (winner)

»
Silvanas (
blue | 44 APM | 1074 actions | 24:21)
5 Mountain King
3 Storm Bolt
2 Bash
3 Paladin
2 Holy Light
1 Divine Shield
» actions
| Assign group hotkey | 13 | |
| Basic commands | 177 | |
| Build / train | 68 | |
| Enter build submenu | 31 | |
| Enter hero's abilities submenu | 8 | |
| Remove unit from queue | 1 | |
| Right click | 359 | |
| Select / deselect | 224 | |
| Select group hotkey | 132 | |
| Use ability | 61 | |
1074 total
» units
| Peasant | 12 | |
| Footman | 7 | |
| Rifleman | 8 | |
| Flying Machine | 3 | |
30 total
» upgrades
| Defend | 1 | |
| Long Rifles | 1 | |
| Gunpowder | 2 | |
| Armor | 2 | |
| Barrage | 1 | |
| Flak Cannons | 1 | |
| Flying Machine Bombs | 1 | |
| Plating | 1 | |
10 total
» buildings
| Altar of Kings | 1 | |
| Farm | 10 | |
| Barracks | 2 | |
| Lumber Mill | 1 | |
| Arcane Vault | 1 | |
| Scout Tower | 8 | |
| Guard Tower | 5 | |
| Keep | 1 | |
| Blacksmith | 1 | |
| Castle | 1 | |
| Workshop | 2 | |
| Town Hall | 1 | |
34 total
» build order
00:08 Altar of Kings
00:19 Farm
00:26 Farm
01:06 Barracks
01:20 Farm
01:53 Lumber Mill
02:16 Farm
03:36 Arcane Vault
05:04 Scout Tower
05:06 Scout Tower
05:08 Scout Tower
05:13 Scout Tower
05:33 Guard Tower
05:35 Guard Tower
05:40 Scout Tower
05:45 Scout Tower
05:49 Scout Tower
05:52 Guard Tower
06:10 Guard Tower
06:26 Farm
06:29 Keep
06:33 Guard Tower
06:35 Scout Tower
06:55 Blacksmith
07:02 Barracks
07:37 Farm
09:38 Farm
13:43 Farm
13:45 Farm
16:04 Farm
17:26 Castle
18:37 Workshop
18:41 Workshop
20:13 Town Hall
» items
| Scroll of Regeneration | 3 | |
| Scroll of Town Portal | 6 | |
| Lesser Clarity Potion | 1 | |
10 total
24smoker24 (
purple | 51 APM | 1233 actions | 24:21)
4 Naga Sea Witch
2 Forked Lightning
2 Frost Arrows
» actions
| Assign group hotkey | 23 | |
| Basic commands | 112 | |
| Build / train | 60 | |
| Enter build submenu | 36 | |
| Enter hero's abilities submenu | 4 | |
| Give item / drop item | 1 | |
| Remove unit from queue | 1 | |
| Right click | 701 | |
| Select / deselect | 230 | |
| Select group hotkey | 6 | |
| Use ability | 59 | |
1233 total
» units
| Peon | 26 | |
| Grunt | 11 | |
| Harpy Rogue | 1 | |
| Centaur Outrunner | 3 | |
41 total
» buildings
| Altar of Storms | 2 | |
| Orc Burrow | 9 | |
| Barracks | 1 | |
| Voodoo Lounge | 1 | |
| War Mill | 2 | |
| Watch Tower | 13 | |
| Great Hall | 1 | |
| Stronghold | 1 | |
30 total
» build order
00:07 Altar of Storms
00:10 Orc Burrow
00:36 Barracks
01:29 Voodoo Lounge
02:29 Orc Burrow
02:45 War Mill
03:42 Orc Burrow
04:23 Watch Tower
04:34 Watch Tower
04:36 Watch Tower
04:43 Watch Tower
09:31 Great Hall
13:54 Altar of Storms
14:51 Orc Burrow
15:25 Orc Burrow
15:47 Orc Burrow
16:55 Orc Burrow
17:00 War Mill
19:22 Stronghold
19:25 Watch Tower
19:26 Watch Tower
19:31 Watch Tower
20:18 Watch Tower
20:22 Watch Tower
21:51 Watch Tower
21:57 Orc Burrow
22:01 Orc Burrow
22:27 Watch Tower
23:28 Watch Tower
23:31 Watch Tower
» items
| Healing Salve | 3 | |
| Lesser Clarity Potion | 4 | |
| Scroll of Speed | 2 | |
| Scroll of Regeneration | 1 | |
| Scroll of Town Portal | 1 | |
| Periapt of Vitality | 1 | |
12 total
HappyTaliban (
green | 42 APM | 1024 actions | 24:21)
6 Goblin Tinker
3 Pocket Factory
2 Engineering Upgrade
1 Robo-Goblin
» actions
| Basic commands | 412 | |
| Build / train | 82 | |
| ESC pressed | 5 | |
| Enter build submenu | 29 | |
| Enter hero's abilities submenu | 6 | |
| Remove unit from queue | 7 | |
| Right click | 8 | |
| Select / deselect | 395 | |
| Use ability | 80 | |
1024 total
» units
| Peasant | 19 | |
| Footman | 17 | |
| Priest | 2 | |
| Spell Breaker | 1 | |
| Rifleman | 7 | |
46 total
» upgrades
| Defend | 1 | |
| Long Rifles | 1 | |
| Control Magic | 0 | |
| Gunpowder | 3 | |
5 total
» buildings
| Altar of Kings | 1 | |
| Farm | 12 | |
| Barracks | 2 | |
| Scout Tower | 4 | |
| Arcane Tower | 2 | |
| Arcane Vault | 1 | |
| Keep | 1 | |
| Blacksmith | 1 | |
| Arcane Sanctum | 2 | |
| Castle | 1 | |
| Town Hall | 3 | |
| Lumber Mill | 1 | |
31 total
» build order
00:11 Altar of Kings
00:23 Farm
00:51 Barracks
01:13 Barracks
01:16 Farm
01:34 Farm
02:13 Farm
02:30 Farm
03:58 Farm
04:47 Scout Tower
06:59 Arcane Tower
07:04 Farm
07:09 Scout Tower
07:51 Arcane Vault
07:53 Keep
07:56 Blacksmith
07:57 Arcane Tower
08:32 Farm
08:36 Farm
09:04 Farm
09:07 Farm
09:58 Scout Tower
12:05 Arcane Sanctum
12:08 Arcane Sanctum
12:10 Castle
13:08 Town Hall
13:40 Farm
14:29 Scout Tower
14:58 Arcane Tower
15:57 Lumber Mill
18:56 Town Hall
23:13 Town Hall
» items
| Scroll of Regeneration | 4 | |
| Scroll of Town Portal | 4 | |
| Potion of Healing | 3 | |
| Potion of Mana | 1 | |
| Orb of Fire | 1 | |
13 total
CakeBelyswell23 (
yellow | 41 APM | 1003 actions | 24:23)
6 Archmage
3 Summon Water Elemental
2 Brilliance Aura
1 Mass Teleport
» actions
| Assign group hotkey | 13 | |
| Basic commands | 35 | |
| Build / train | 56 | |
| Enter build submenu | 26 | |
| Enter hero's abilities submenu | 6 | |
| Give item / drop item | 1 | |
| Right click | 417 | |
| Select / deselect | 297 | |
| Select group hotkey | 85 | |
| Use ability | 67 | |
1003 total
» units
| Peasant | 13 | |
| Mortar Team | 6 | |
| Siege Engine | 4 | |
23 total
» upgrades
| Gunpowder | 3 | |
| Lumber Harvesting | 2 | |
| Flare | 1 | |
| Armor | 2 | |
| Barrage | 1 | |
| Masonry | 2 | |
| Plating | 1 | |
12 total
» buildings
| Keep | 1 | |
| Lumber Mill | 1 | |
| Farm | 9 | |
| Scout Tower | 5 | |
| Altar of Kings | 1 | |
| Blacksmith | 1 | |
| Workshop | 2 | |
| Arcane Vault | 1 | |
| Castle | 1 | |
| Arcane Tower | 1 | |
| Town Hall | 1 | |
| Guard Tower | 2 | |
26 total
» build order
07:45 Keep
07:54 Lumber Mill
07:56 Farm
07:58 Scout Tower
08:00 Farm
08:09 Altar of Kings
08:23 Blacksmith
09:13 Farm
09:16 Farm
10:07 Workshop
10:10 Workshop
11:53 Farm
11:56 Farm
12:07 Arcane Vault
13:50 Castle
15:16 Arcane Tower
17:06 Scout Tower
17:07 Scout Tower
17:09 Scout Tower
17:09 Scout Tower
17:23 Town Hall
18:34 Guard Tower
20:24 Guard Tower
22:25 Farm
22:27 Farm
22:28 Farm
» items
| Healing Salve | 2 | |
| Scroll of Town Portal | 5 | |
| Staff of Sanctuary | 1 | |
| Potion of Healing | 1 | |
9 total
Chat log
(00:33 / Allies) Silvanas: he will probably try to mass and hit
(00:54 / Allies) Silvanas: hero harrass would distract him pretty good
(04:28 / Allies) HappyTaliban: going to purp
(06:47 / Allies) 24smoker24: umm yellow
(06:55 / Allies) 24smoker24: ok u guys better win cuz i got hit by 3
(06:58 / Allies) 24smoker24: ty
(07:02 / Allies) 24smoker24: make units yell9ow or?
(07:16 / Allies) CakeBelyswell23: didn't know he was tryhard
(07:27 / Allies) CakeBelyswell23: I stats'd him
(07:31 / Allies) 24smoker24: ok so we probly lose..../
(07:36 / Allies) 24smoker24: 4v3
(07:42 / Allies) Silvanas: nah we good
(07:52 / Allies) 24smoker24: iu dont have shit yellow has nothing
(08:01 / Allies) 24smoker24: they have all mains
(08:04 / Allies) 24smoker24: what u mean its 4v2
(08:12 / Allies) CakeBelyswell23: I'll go mortars
(10:11 / Allies) Silvanas: get rdy to tp
(10:18 / Allies) Silvanas: gogogo
(10:33 / Allies) 24smoker24: ok im tpuing we lose tho
(11:42 / Allies) Silvanas: counter yea?
(11:46 / Allies) CakeBelyswell23: lumber?
(12:43 / Allies) CakeBelyswell23: I'll go tank if he spam air
(17:46 / Allies) Silvanas: meet
(17:56 / All) Silvanas: mort
(18:16 / Allies) Silvanas: chims
(18:47 / Allies) CakeBelyswell23: move peasnt
(19:38 / Allies) Silvanas: GOGOGO
(22:43 / Allies) Silvanas: GOGOGO
(22:51 / Allies) 24smoker24: buying tp
(23:16 / Allies) 24smoker24: shit too many chims i have no aa
(23:23 / Allies) Silvanas: buying tp
(24:19 / All) MovieStar: lol close enough